AoeStats
← tavoo

Arabia

507772107Analyzed
1v1 RM · 14d ago on Sep 19, 2026· 82m 12s· 2 players
Game mode
Random Map
Map size
Tiny (2 player)
Population
200
Speed
Normal
Resources
Standard
Victory
Conquest
Starting age
Dark Age
Ending age
Imperial Age
RankedLock teamsTeams togetherTeam positionsShared explorationLock speedFull tech treeHidden civsTurbo modeCheats
Victory
Defeat
🇲🇽 Maya · Mexico
1452
+19
🇦🇷 Koreans · Argentina
1517
-19
tavoo
0:26 Loom
9:50 Feudal Age
9:58 Man-at-Arms
10:27 Double-Bit Axe
11:51 Arson
13:33 Town Watch
14:25 Fletching
16:01 Padded Archer Armor
18:44 Scale Mail Armor
23:56 Castle Age
24:01 Eagle Warrior
25:05 Chain Mail Armor
25:28 Crossbowman
31:01 Squires
31:53 Bodkin Arrow
33:18 Wheelbarrow
37:32 Gold Mining
38:30 Thumb Ring
38:25 Horse Collar
42:08 Imperial Age
42:20 Hul'che Javelineers
42:37 Hand Cart
42:39 Forging
42:20 Elite Eagle Warrior
43:34 Plate Mail Armor
43:33 Bow Saw
43:20 Stone Mining
42:55 Capped Ram
45:46 Stone Shaft Mining
45:11 Arbalester
46:06 Bracer
45:58 Pikeman
48:03 Halberdier
49:44 Iron Casting
49:28 Town Patrol
50:34 Leather Archer Armor
53:14 Two-Man Saw
54:52 Conscription
55:45 Holcans
55:04 Elite Skirmisher
57:22 Hoardings
57:38 Hul'che Javelineers
60:15 Ballistics
61:17 Ring Archer Armor
61:55 Chemistry
63:31 Blast Furnace
68:14 Siege Ram
ROCA83
4:53 Loom
9:26 Feudal Age
9:53 Double-Bit Axe
14:22 Fletching
14:24 Town Watch
22:40 Castle Age
23:20 Bodkin Arrow
23:55 Horse Collar
31:53 Forging
33:56 Town Patrol
34:49 Husbandry
36:21 Wheelbarrow
37:10 Scale Barding Armor
37:37 Bow Saw
38:40 Hand Cart
39:35 Iron Casting
39:36 Devotion
40:59 Chain Barding Armor
44:13 Imperial Age
42:48 Ballistics
43:49 Heavy Plow
44:22 Masonry
44:17 Cavalier
45:37 Conscription
46:22 Chemistry
45:38 Bracer
46:41 Siege Engineers
47:07 Architecture
47:54 Elite Skirmisher
47:54 Elite Skirmisher
49:27 Thumb Ring
53:37 Siege Engineers
53:30 Murder Holes
63:26 Gold Mining
70:22 Gold Shaft Mining
72:07 Light Cavalry
72:59 Hussar
Connection lost

Rejoining the realm…

Still unreachable

The connection could not be restored.

Session expired

The server has moved on; the page needs a fresh start.